 Dungeon Crawl Stone Soup version 0.21-a0-29-g43b3074 (webtiles) character file.

646 grindst0ne the Shield-Bearer (level 7, -1/56 HPs)
             Began as a Formicid Fighter on May 26, 2017.
             Was an Initiate of Trog.
             Succumbed to a killer bee's poison
             ... on level 5 of the Dungeon.
             The game lasted 00:08:42 (4847 turns).

grindst0ne the Shield-Bearer (Formicid Fighter)     Turns: 4847, Time: 00:08:43

Health: -1/56      AC:  6    Str: 16    XL:     7   Next: 82%
Magic:  7/7        EV:  6    Int:  8    God:    Trog [......]
Gold:   181        SH: 10    Dex: 12    Spells: 6/6 levels left

rFire    . . .     SeeInvis +   a - +0 war axe
rCold    . . .     Gourm    .   c - +0 shield
rNeg     . . .     Faith    +   r - +1 chain mail
rPois    .         Spirit   .   (helmet unavailable)
rElec    .         Reflect  .   (no cloak)
rCorr    .         Harm     .   (no gloves)
MR       .....                  (no boots)
Stlth    ..........             i - amulet of faith
Regen    0.2/turn               (no ring)
MPRegen  0.1/turn               (no ring)

@: lethally poisoned (-1 -> -52)
A: permanent stasis, dig shafts and tunnels, four strong arms, antennae 3,
camouflage 1, blurry vision 1, deformed body, weak 2
a: Dig, Shaft Self, Burn Spellbooks, Renounce Religion


You were on level 5 of the Dungeon.
You worshipped Trog.
Trog was noncommittal.
You were not hungry.

You visited 2 branches of the dungeon, and saw 7 of its levels.

You collected 181 gold pieces.

Inventory:

Hand Weapons
 a - a +0 war axe (weapon)
Armour
 b - a +0 scale mail
 c - a +0 shield (worn)
 g - a +0 large shield
 r - a +1 chain mail (worn)
Jewellery
 i - an amulet of faith (around neck)
Scrolls
 d - 4 scrolls of identify
 e - a scroll of magic mapping
 k - a scroll of recharging
 l - 2 scrolls of enchant armour
 n - a scroll of fear
Potions
 o - 2 potions of berserk rage
 s - 3 potions of curing
Books
 m - a book of Maledictions

   Spells                             Type                      Level
   a - Corona                         Hexes                        1
   b - Ensorcelled Hibernation        Hexes/Ice                    2
   c - Confuse                        Hexes                        3
   d - Tukima's Dance                 Hexes                        3
   e - Dazzling Spray                 Conjuration/Hexes            3
   Trog disapproves of the use of such an item.
 q - a book of Callings

   Spells                             Type                      Level
   a - Summon Small Mammal            Summoning                    1
   b - Call Imp                       Summoning                    2
   c - Call Canine Familiar           Summoning                    3
   d - Summon Guardian Golem          Hexes/Summoning              3
   e - Summon Lightning Spire         Summoning/Air                4
   f - Summon Ice Beast               Ice/Summoning                4
   Trog disapproves of the use of such an item.
Comestibles
 f - 2 bread rations
 h - 4 meat rations


   Skills:
 + Level 5.3 Fighting
 + Level 4.1 Axes
 - Level 3.2 Armour
 * Level 7.9 Shields


You had 6 spell levels left.
You didn't know any spells.

Dungeon Overview and Level Annotations

Branches:
Dungeon (6/15)             Temple (1/1) D:5

Altars:
Ashenzari
Cheibriados
Dithmenos
Elyvilon
Fedhas
Gozag
Hepliaklqana
Kikubaaqudgha
Makhleb
Qazlal
Ru
Sif Muna
Trog
Vehumet
Wu Jian
Xom
Yredelemnul
Zin
The Shining One


Innate Abilities, Weirdness & Mutations

You cannot be hasted, slowed, berserked, paralysed or teleported.
You can dig through walls and to a lower floor.
Your four strong arms can wield two-handed weapons with a shield.
You have a pair of large antennae on your head. (SInv)
Your skin changes colour to match your surroundings (Stealth+).
Scrolls take you a little longer to read.
Armour fits poorly on your strangely shaped body.
You are very weak. (Str -4)


Message History

You feel very sick. The killer bee stings you.
You are more poisoned.
The killer bee poisons you!
The killer bee stings you but does no damage. x3
You slash the killer bee!
You kill the killer bee!
Trog accepts your kill.
You miss the killer bee.
* * * LOW HITPOINT WARNING * * *
You feel very sick. The killer bee stings you.
* * * LOW HITPOINT WARNING * * *
You are more poisoned.
The killer bee poisons you! You block the killer bee's attack.
The killer bee stings you.
* * * LOW HITPOINT WARNING * * *
You closely miss the killer bee.
The killer bee is severely wounded.
You die...

##.# #......................# #.#
####.PP...#.....#.#####.#.#
#.####P....###.#....##.## #.#.#
#......P.P.#.#..........# #.#.#
##.##...PP....#...#.###..# #.#.#
##.##.P.(#....#....#.##..# #.#.#
.#.##PPP##.._.#...###....####.#.#
#.#.#....#....#....#.............
.###...P.P....#.@†#.########.....
## ##.P.....#.#y..### #.....## #
##...[.P###..## ######.....## ##
##.#.##...P..## #............
.###........##..# #.####.....##
#.#.........##..# #.# #.....#
##.#..#.###.##..# #.######.###
###......#.##..# #.#......#
#....#.#.#...#####.#.######


You could see a killer bee.

Vanquished Creatures
  A sky beast (D:5)
  A phantom (D:5)
  A bullfrog (D:4)
  A scorpion (D:5)
  A killer bee (D:5)
  4 orc wizards
  A worker ant (D:4)
  4 gnolls (D:5)
  5 adders
  3 worms
  5 leopard geckos
  11 orcs
  2 giant cockroaches (D:2)
  11 goblins
  4 hobgoblins
  3 jackals (D:5)
  A kobold (D:1)
  2 quokkas (D:3)
  2 ball pythons
  3 bats
  5 frilled lizards
  5 rats
76 creatures vanquished.

Notes
Turn   | Place    | Note
-------+----------+-------------------------------------------
     0 | D:1      | grindst0ne the Formicid Fighter began the quest for the Orb.
     0 | D:1      | Reached XP level 1. HP: 18/18 MP: 1/1
    56 | D:1      | Reached skill level 4 in Shields
    56 | D:1      | Reached XP level 2. HP: 9/24 MP: 2/2
   893 | D:2      | Reached XP level 3. HP: 29/29 MP: 3/3
  1486 | D:3      | Reached XP level 4. HP: 34/35 MP: 4/4
  1665 | D:3      | Reached skill level 5 in Shields
  2241 | D:4      | Noticed a bullfrog
  2250 | D:4      | Killed a bullfrog
  2250 | D:4      | Reached XP level 5. HP: 38/42 MP: 5/5
  2542 | D:4      | Reached skill level 6 in Shields
  2542 | D:4      | Reached XP level 6. HP: 32/49 MP: 6/6
  2767 | D:4      | Gained mutation: Your magical capacity is low. (-10% MP) [potion of mutation]
  2767 | D:4      | Gained mutation: Your system is resistant to poisons. (rPois) [potion of mutation]
  3027 | D:5      | Entered Level 5 of the Dungeon
  3068 | D:5      | Found a deep blue altar of Sif Muna.
  3087 | D:5      | Found a sacrificial altar of Ru.
  3156 | D:5      | Lost mutation: Your magical capacity is low. (-10% MP) [potion of mutation]
  3156 | D:5      | Lost mutation: Your system is resistant to poisons. (rPois) [potion of mutation]
  3156 | D:5      | Gained mutation: Armour fits poorly on your strangely shaped body. [potion of mutation]
  3156 | D:5      | Gained mutation: You are weak. (Str -2) [potion of mutation]
  3156 | D:5      | Gained mutation: You are very weak. (Str -4) [potion of mutation]
  3156 | D:5      | Gained mutation: Your movements are slightly less encumbered by armour. (ER -2) [potion of mutation]
  3189 | D:5      | Found an ancient bone altar of Kikubaaqudgha.
  3524 | D:5      | Noticed a sky beast
  3537 | D:5      | Killed a sky beast
  3537 | D:5      | Reached skill level 7 in Shields
  3537 | D:5      | Reached XP level 7. HP: 42/55 MP: 7/7
  3542 | D:5      | Gained mutation: Your skin changes colour to match your surroundings (Stealth+). [mutagenic meat]
  3543 | D:5      | Lost mutation: Armour fits poorly on your strangely shaped body. [mutagenic meat]
  3544 | D:5      | Lost mutation: Your movements are slightly less encumbered by armour. (ER -2) [mutagenic meat]
  3545 | D:5      | Gained mutation: Armour fits poorly on your strangely shaped body. [mutagenic meat]
  3546 | D:5      | Gained mutation: Scrolls take you a little longer to read. [mutagenic meat]
  3568 | D:5      | Found a staircase to the Ecumenical Temple.
  3619 | Temple   | Entered the Ecumenical Temple
  3876 | Temple   | Became a worshipper of Trog the Wrathful
  4006 | D:5      | Reached skill level 5 in Fighting
  4843 | D:5      | HP: 1/56 [killer bee (4)]
  4847 | D:5      | Succumbed to a killer bee's poison

Vault maps used:
D:1:      minmay_arrival_arboretum_large
D:4:      first_bread
D:5:      kiku_gazebo_garden_becter, nicolae_ru_sacrificial_ziggurat,
          minmay_temple_entry_grid, basic_altar
Temple:   minmay_crystal_spiral_temple

Skill      XL: |  1  2  3  4  5  6  7 |
---------------+----------------------+-----
Shields        | 4 5 6 7 |  7.9
Fighting       | 4 5 |  5.3
Axes           | 3 4 |  4.1
Armour         | |  3.2

Action                   |  1- 3 |  4- 6 |  7- 9 || total
-------------------------+-------+-------+-------++-------
Melee: War axe           |   121 |   162 |   103 ||   386
 Abil: Dig               |       |     1 |     2 ||     3
  Use: Scroll            |    10 |     2 |       ||    12
       Potion            |     2 |     2 |     3 ||     7
  Eat: Chunk             |     1 |     8 |     6 ||    15
       Meat ration       |       |       |     1 ||     1
Armor: Scale mail        |    29 |       |       ||    29
       Chain mail        |    21 |    70 |    45 ||   136
Dodge: Dodged            |    42 |    35 |    30 ||   107
Block: Shield            |    78 |   107 |    75 ||   260
